 Dungeon Crawl Stone Soup version 0.30-a0-134-gb40fab5c76 (webtiles) character file.

Game seed: 2309081403428577660

111125 SynTha the Severer (level 16, -5/155 HPs)
             Began as a Minotaur Berserker on July 13, 2022.
             Was the Champion of Trog.
             Killed from afar by Louise (30 damage)
             ... with a stone arrow
             ... on level 1 of the Shoals on Sept 20, 2022.
             The game lasted 01:13:16 (23640 turns).

SynTha the Severer (Minotaur Berserker)            Turns: 23640, Time: 01:13:16

Health: -5/155     AC: 36    Str: 34    XL:     16   Next: 8%
Magic:  15/15      EV: 18    Int:  4    God:    Trog [******]
Gold:   2258       SH:  0    Dex: 20    Spells: 15/15 levels left

rFire   . . .      SeeInvis .    a - +6 executioner's axe "Puodwasm" {protect, Will+ Str+4 Dex+4}
rCold   + . .      Faith    .    (shield currently unavailable)
rNeg    . . .      Spirit   .    j - +6 plate armour {rC+}
rPois   .          Reflect  .    m - +2 hat of Generosity {Will+ Stlth+}
rElec   .          Harm     .    E - +2 cloak
rCorr   .          Rampage  .    s - +0 pair of gloves
Will    +++..                    B - +0 pair of boots {Fly}
Stlth   ..........               c - amulet of regeneration
HPRegen 1.15/turn                i - +4 ring of protection
MPRegen 0.14/turn                p - +6 ring of strength

@: lethally poisoned (-5 -> -5), on berserk cooldown, flying, slowed, very slow
A: horns 2, retaliatory headbutt
a: Renounce Religion, Berserk, Trog's Hand, Brothers in Arms


You were on level 1 of the Shoals.
You worshipped Trog.
Trog was exalted by your worship.
You visited 4 branches of the dungeon, and saw 24 of its levels.
You also visited: Ossuary.

You collected 2703 gold pieces.
You spent 445 gold pieces at shops.

Inventory:

Hand Weapons
 a - the +6 executioner's axe "Puodwasm" (weapon) {protect, Will+ Str+4 Dex+4}
   (You acquired it on level 13 of the Dungeon)

   It grants its wielder temporary protection when it strikes (+7 to AC).
   Str:       It affects your strength (+4).
   Dex:       It affects your dexterity (+4).
   Will:      It increases your willpower.
 K - a +5 executioner's axe of flaming
 R - a +3 broad axe of venom
Missiles
 o - 37 poisoned darts
Armour
 j - a +6 plate armour of cold resistance (worn)
 m - the +2 hat of Generosity (worn) {Will+ Stlth+}
   (You acquired it on level 3 of the Lair of Beasts)

   Will:      It increases your willpower.
   Stlth:     It makes you more stealthy.
 s - a +0 pair of gloves (worn)
 B - a +0 pair of boots of flying (worn)
 E - a +2 cloak (worn)
Jewellery
 c - an amulet of regeneration (around neck)
 i - a +4 ring of protection (left hand)
 p - a +6 ring of strength (right hand)
 t - a ring of see invisible
 u - a +4 ring of protection
 v - an amulet of guardian spirit
 x - a ring of positive energy
 y - a +6 ring of dexterity
 A - a ring of resist corrosion
 H - a ring of positive energy
 P - a ring of protection from cold
 Y - an amulet of faith
Wands
 b - a wand of iceblast (10)
 g - a wand of paralysis (26) (quivered)
 h - a wand of mindburst (10)
 C - a wand of polymorph (11)
 F - a wand of digging (18)
 V - a wand of quicksilver (5)
Scrolls
 k - 6 scrolls of poison
 l - 6 scrolls of magic mapping
 n - 3 scrolls of blinking
 I - a scroll of enchant weapon
 J - 7 scrolls of noise
 M - 9 scrolls of teleportation
 O - 2 scrolls of fear
 U - 2 scrolls of immolation
 X - 6 scrolls of fog
Potions
 d - 6 potions of heal wounds
 e - 11 potions of might
 f - 18 potions of curing
 q - 3 potions of mutation
 r - 7 potions of attraction
 w - 6 potions of lignification
 z - 11 potions of haste
 D - 2 potions of berserk rage
 G - a potion of cancellation
 L - 2 potions of magic
 N - 4 potions of flight
 S - 3 potions of resistance
 Z - a potion of ambrosia
Miscellaneous
 Q - a phantom mirror


   Skills:
 + Level 17.1 Fighting
 + Level 17.1 Axes
 + Level 16.9 Armour
 + Level 15.6 Dodging
 - Level 8.0 Evocations


You had 15 spell levels left.
You didn't know any spells.
Your spell library was empty.

Dungeon Overview and Level Annotations

Branches:
Dungeon (14/15)            Temple (0/1) D:6            Lair (6/6) D:9
 Shoals (2/4) Lair:2        Snake (0/4) Lair:2        Slime (0/5) Lair:5
    Orc (2/2) D:10            Elf (0/3) Orc:2        Vaults (0/5) D:14
Ossuary (visited)

Altars:
Cheibriados
Dithmenos
Gozag
Makhleb
Trog
Uskayaw
Vehumet
Xom
Yredelemnul
The Shining One
Jiyva
Lugonu

Shops:
D:10 [   Orc:2 =(!*

Portals:
Abyss: Lair:2

Annotations:
D:10 exclusion: orange crystal statue
Shoals:1 Louise, Roxanne


Innate Abilities, Weirdness & Mutations

You have a pair of horns on your head.
You reflexively headbutt those who attack you in melee.


Message History

You kill the faun!
Trog accepts your kill.
Trog appreciates your killing of a magic user.
You hear a splash. x2
You feel very sick.
Louise splashes around in the water.
The faun hits you but does no damage. Louise barely misses you.
The faun splashes around in the water.
You barely miss the faun.
The faun is severely wounded.
You slash Louise!
You are no longer glowing.
You feel very sick. Louise barely misses you.
Louise gibbers incoherently.
Louise splashes around in the water.
The faun misses you. You furiously retaliate!
You headbutt the faun!
You kill the faun!
Trog accepts your kill.
Trog appreciates your killing of a magic user.
You hear a splash. x2
Louise hits you but does no damage.
You are more poisoned.
You hit Louise.
Louise is lightly wounded.
You feel extremely sick.
Louise says, "It's the perfect time of year for a holiday!"
Louise gestures at you while chanting. The bolt of lightning hits you!
* * * LOW HITPOINT WARNING * * *
Louise closely misses you. You furiously retaliate!
You headbutt Louise!
You feel very sick.
Louise hits you from afar with a +4 demon trident of venom.
* * * LOW HITPOINT WARNING * * *
Louise screams!
Louise barely misses you.
Louise splashes around in the water.
You feel very sick.
You feel sick. Louise casts a spell at you. The stone arrow hits you!!
You die...

#####################
≈≈≈≈≈≈≈≈≈≈≈≈≈≈≈≈≈≈≈≈≈≈≈≈
≈≈≈≈≈≈≈≈≈≈≈≈≈≈≈≈≈≈≈≈≈≈≈≈
≈≈≈≈≈≈≈≈≈≈≈≈≈≈≈≈≈≈≈≈≈≈≈≈
≈≈≈≈≈≈≈≈≈≈≈≈≈≈≈≈≈≈≈≈≈≈≈≈
≈≈≈≈≈≈≈≈≈≈≈≈≈≈≈≈≈≈≈≈≈≈≈≈
#≈≈≈≈≈≈≈≈≈≈≈≈≈≈≈≈≈≈≈≈≈≈≈
≈≈≈~~P≈≈≈≈≈≈≈≈≈≈≈≈≈≈~~~~
~≈~P~~~≈≈≈≈≈≈≈≈≈@≈≈~~~~~
P~~~~~~~P~≈≈≈≈≈≈≈≈≈~...~
~~~P~~P~~~~~~≈≈≈≈)~~....
~.P≈~~~..~~~~~≈≈@)~..~..
...~≈~....~~~~~~~......~
P..~~~P....~~~~~........
...|~P.......~~......~~.
.##...~.......~.........
###...............#..~..


You could see Louise (fast).

Vanquished Creatures
  Kirke (Lair:2)
  A stone giant (D:13)
  2 merfolk impalers (Shoals:1)
  Josephine (D:10)
  Fannar (D:11)
  The ghost of Zaque the Frost Mage, a journeyman OpTm of Cheibriados (D:14)
  8 vault guards (D:14)
  Erolcha (D:10)
  2 centaur warriors
  11 hydras
  A boulder beetle (D:12)
  A death knight (D:14)
  A tengu warrior (D:13)
  A catoblepas (Lair:6)
  4 two-headed ogres
  6 slime creatures (D:13)
  A merfolk aquamancer (Shoals:1)
  Urug (Lair:1)
  5 death yaks (Lair:6)
  7 orc high priests
  2 sea snakes (Shoals:2)
  Pikel (D:5)
  A deep elf pyromancer (D:13)
  3 harpies (Shoals:1)
  A phantasmal warrior (D:14)
  An oklob plant (Shoals:1)
  4 cyclopes
  4 fauns (Shoals:1)
  An ugly thing (D:13)
  A merfolk siren (Shoals:1)
  5 manticores
  10 black mambas
  26 elephants
  2 water nymphs
  2 gargoyles (D:12)
  2 torpor snails
  12 cane toads
  Maggie (D:9)
  A kobold demonologist (D:8)
  13 komodo dragons
  2 freezing wraiths (D:14)
  A tengu conjurer (D:14)
  3 rime drakes
  9 hornets
  5 trolls
  A wind drake (Shoals:1)
  5 merfolk
  8 dream sheep
  7 polar bears
  15 blink frogs
  Sigmund (D:6)
  8 wyverns
  15 spriggans (Lair:6)
  8 wraiths
  4 water elementals
  84 yaks
  4 basilisks
  5 hogs
  A fire bat (shapeshifter) (D:9)
  16 vampire mosquitoes
  2 steam dragons
  A death yak simulacrum (Lair:1)
  13 wargs
  Edmund (D:6)
  20 water moccasins
  An acid dragon (D:11)
  7 black bears
  16 orc warriors
  A swamp drake (D:10)
  27 wolves
  8 ogres
  3 boggarts (Lair:6)
  16 centaurs
  2 lemures (D:5)
  2 elf zombies (Ossuary)
  3 kobold brigands
  2 necrophages (D:4)
  17 bullfrogs
  A wyvern zombie (D:6)
  2 scorpions
  4 wights
  5 killer bees (D:11)
  2 jellies (D:4)
  An elephant simulacrum (Lair:1)
  6 howler monkeys
  A centaur zombie (D:6)
  2 hounds
  A human zombie (Ossuary)
  An iron imp (D:8)
  39 orc priests
  Crazy Yiuf (D:4)
  A gnoll bouda (D:9)
  An iguana (D:4)
  Ijyb (D:4)
  17 orc wizards
  3 mummies
  12 adders
  8 gnolls
  2 shadow imps (D:6)
  A white imp (D:6)
  2 adder zombies (Ossuary)
  2 worms (D:3)
  2 dart slugs
  91 orcs
  4 bats
  11 endoplasms
  5 giant cockroaches
  11 goblins
  11 hobgoblins
  4 jackals
  19 kobolds
  3 quokkas
  10 ball pythons
  7 frilled lizards
  3 goblin zombies (Ossuary)
  11 hobgoblin zombies (Ossuary)
  A jackal zombie (Ossuary)
  9 kobold zombies (Ossuary)
  6 orc zombies (Ossuary)
  6 rats
  A rat zombie (Ossuary)
  A bush (Lair:6)
  A lurking horror (Lair:2)
827 creatures vanquished.

Vanquished Creatures (others)
  A water elemental (Shoals:1)
  An orc wizard (D:8)
  52 fungi
  55 plants
109 creatures vanquished.

Grand Total: 936 creatures vanquished

Notes
Turn   | Place    | Note
-------+----------+-------------------------------------------
     0 | D:1      | SynTha the Minotaur Berserker began the quest for the Orb.
     0 | D:1      | Reached XP level 1. HP: 19/19 MP: 0/0
   116 | D:1      | Reached XP level 2. HP: 27/27 MP: 1/1
   733 | D:1      | Found a faded altar of an unknown god.
   735 | D:1      | Reached ** piety under Trog
   846 | D:2      | Reached XP level 3. HP: 33/33 MP: 2/2
   881 | D:2      | Reached XP level 4. HP: 30/40 MP: 3/3
  1809 | D:3      | Reached XP level 5. HP: 8/47 MP: 4/4
  2168 | D:3      | Reached *** piety under Trog
  2216 | D:3      | Found a hide-covered altar of Uskayaw.
  2278 | D:4      | Reached skill level 5 in Fighting
  2278 | D:4      | Reached skill level 5 in Axes
  2469 | D:4      | Reached XP level 6. HP: 34/56 MP: 5/5
  2763 | D:4      | Found a radiant altar of Vehumet.
  2815 | D:4      | Found a bloodstained altar of Trog.
  3000 | D:4      | Upgraded the game from 0.29-a0-837-g174bc33265 to
                  | 0.29-a0-839-g4793fd635e
  3002 | D:4      | Noticed a hornet
  3032 | D:4      | Reached XP level 7. HP: 62/62 MP: 6/6
  3039 | D:4      | Killed a hornet
  3040 | D:4      | Reached skill level 5 in Armour
  3040 | D:4      | Reached skill level 5 in Dodging
  3241 | D:4      | Reached **** piety under Trog
  3453 | D:4      | Noticed Ijyb
  3461 | D:4      | Killed Ijyb
  3462 | D:4      | Reached XP level 8. HP: 71/71 MP: 7/7
  3506 | D:4      | Found a runed translucent door.
  3507 | D:4      | Noticed Crazy Yiuf
  3511 | D:4      | Killed Crazy Yiuf
  3616 | D:5      | Entered Level 5 of the Dungeon
  3628 | D:5      | Found a shadowy altar of Dithmenos.
  3628 | D:5      | Noticed Pikel
  3637 | D:5      | Killed Pikel
  3958 | D:5      | Found an opulent altar of Gozag.
  4298 | D:6      | Reached ***** piety under Trog
  4301 | D:6      | Noticed Sigmund
  4304 | D:6      | Killed Sigmund
  4305 | D:6      | Reached XP level 9. HP: 81/81 MP: 8/8
  4340 | D:6      | Noticed Edmund
  4344 | D:6      | Killed Edmund
  4494 | D:6      | Found a staircase to the Ecumenical Temple.
  4549 | D:6      | Found a shimmering altar of Xom.
  4643 | D:6      | Found a basalt altar of Yredelemnul.
  4677 | D:6      | Found a burning altar of Makhleb.
  4686 | D:6      | Found a glowing golden altar of the Shining One.
  4699 | D:6      | Received a gift from Trog
  4849 | D:7      | You are sucked into a shaft and drop 1 floor!
  5064 | D:8      | Found a snail-covered altar of Cheibriados.
  5211 | D:8      | Found a sand-covered staircase.
  5218 | Ossuary  | Entered an ossuary
  5441 | D:8      | Noticed a kobold demonologist
  5452 | D:8      | Killed a kobold demonologist
  6310 | D:8      | Reached XP level 10. HP: 81/91 MP: 9/9
  6644 | D:9      | Noticed Maggie
  6650 | D:9      | Killed Maggie
  6654 | D:9      | Reached skill level 10 in Fighting
  6654 | D:9      | Reached skill level 10 in Axes
  6688 | D:9      | Received a gift from Trog
  6696 | D:9      | Reached skill level 1 in Evocations
  6882 | D:9      | Found a staircase to the Lair.
  7050 | D:9      | Reached skill level 10 in Armour
  7666 | D:9      | Noticed a six-headed hydra
  7670 | D:9      | Killed a five-headed hydra
  7735 | D:9      | Reached XP level 11. HP: 99/101 MP: 10/10
  7945 | D:10     | Entered Level 10 of the Dungeon
  8087 | D:10     | Noticed an orange crystal statue
  8549 | D:10     | Found Irgh's Armour Shoppe.
  8553 | D:10     | Noticed Josephine
  8554 | D:10     | Noticed Erolcha
  8572 | D:10     | Killed Josephine
  8573 | D:10     | Reached skill level 10 in Dodging
  8576 | D:10     | Killed Erolcha
  9085 | D:10     | Found a staircase to the Orcish Mines.
  9471 | Orc:1    | Entered Level 1 of the Orcish Mines
  9471 | Orc:1    | Noticed a two-headed ogre
  9474 | Orc:1    | Killed a two-headed ogre
  9474 | Orc:1    | Received a gift from Trog
 10402 | Orc:2    | Entered Level 2 of the Orcish Mines
 10413 | Orc:2    | Reached XP level 12. HP: 93/112 MP: 11/11
 10623 | Orc:2    | Reached skill level 5 in Evocations
 10942 | Orc:2    | Noticed an orc high priest
 10942 | Orc:2    | Noticed an orc high priest
 11126 | Orc:2    | Noticed an orc high priest
 11132 | Orc:1    | Killed an orc high priest
 11133 | Orc:1    | Killed an orc high priest
 11539 | Orc:2    | Killed an orc high priest
 11543 | Orc:2    | Noticed an orc high priest
 11715 | Orc:2    | Killed an orc high priest
 11765 | Orc:2    | Noticed an orc high priest
 11898 | Orc:2    | Noticed an orc high priest
 12204 | Orc:2    | Killed an orc high priest
 12353 | Orc:2    | Killed an orc high priest
 12473 | Orc:2    | Noticed an orc high priest
 12479 | Orc:2    | Killed an orc high priest
 12733 | Orc:2    | Found a staircase to the Elven Halls.
 12863 | Orc:2    | Found Nogaigh's General Store.
 12863 | Orc:2    | Found Taumunn's Distillery.
 12869 | Orc:2    | Bought 2 scrolls of magic mapping for 195 gold pieces
 12878 | Orc:2    | Bought a potion of haste for 100 gold pieces
 12878 | Orc:2    | Bought a potion of attraction for 30 gold pieces
 12878 | Orc:2    | Bought a potion of curing for 30 gold pieces
 12878 | Orc:2    | Bought 2 potions of curing for 60 gold pieces
 12878 | Orc:2    | Bought a potion of curing for 30 gold pieces
 13146 | Orc:2    | Found Liveeqi's Weapon Shop.
 13146 | Orc:2    | Found Ixite's Jewellery Emporium.
 13377 | D:11     | Noticed a two-headed ogre
 13381 | D:11     | Killed a two-headed ogre
 13453 | D:11     | Received a gift from Trog
 13488 | D:11     | Upgraded the game from 0.29-a0-839-g4793fd635e to
                  | 0.30-a0-122-g2a1322497e
 13516 | D:11     | Noticed Fannar
 13543 | D:11     | Killed Fannar
 13686 | D:11     | Noticed a centaur warrior
 13695 | D:11     | Killed a centaur warrior
 14403 | D:12     | Noticed a boulder beetle
 14415 | D:12     | Killed a boulder beetle
 14768 | D:12     | Noticed a two-headed ogre
 14775 | D:12     | Killed a two-headed ogre
 14776 | D:12     | Reached XP level 13. HP: 121/122 MP: 12/12
 16649 | D:13     | Found a runed translucent door.
 16652 | D:13     | Noticed a stone giant
 16661 | D:13     | Killed a stone giant
 17005 | D:13     | Identified 2 scrolls of acquirement
 17005 | D:13     | Acquired an amulet of regeneration
 17015 | D:13     | Acquired the +6 executioner's axe "Puodwasm" {protect,
                  | Will+ Str+4 Dex+4}
 17049 | D:14     | Received a gift from Trog
 17210 | D:14     | Found a gate to the Vaults.
 17267 | D:14     | Reached XP level 14. HP: 101/133 MP: 13/13
 17442 | D:14     | Noticed Zaque's ghost (journeyman OpTm)
 17446 | D:14     | Found a runed translucent door.
 17789 | D:14     | Killed Zaque's ghost
 17927 | Lair:1   | Entered Level 1 of the Lair of Beasts
 18000 | Lair:1   | Identified the +0 chain mail of the Imp {Drain MP+9 Str+3
                  | Dex+4}
 18034 | Lair:1   | Found a frozen archway.
 18298 | Lair:1   | Noticed Urug
 18304 | Lair:1   | Killed Urug
 18780 | Lair:2   | Found a staircase to the Shoals.
 18788 | Lair:2   | Found a staircase to the Snake Pit.
 18872 | Lair:2   | Found a corrupted altar of Lugonu.
 18879 | Lair:2   | Found a one-way gate to the infinite horrors of the Abyss.
 18960 | Lair:2   | Received a gift from Trog
 18961 | Lair:2   | Reached skill level 15 in Axes
 18964 | Lair:2   | Reached skill level 15 in Fighting
 19504 | Lair:3   | Found a runed translucent door.
 19711 | Lair:3   | Acquired the +2 hat of Generosity {Will+ Stlth+}
 19850 | Lair:3   | Reached skill level 15 in Armour
 20488 | Lair:4   | Received a gift from Trog
 20724 | Lair:4   | Identified the +1 great sword of Instinct {flame, rPois
                  | Int+3}
 20957 | Lair:4   | Identified the +5 long sword "Amext" {protect, rPois rF+}
 21145 | Lair:5   | Reached XP level 15. HP: 136/143 MP: 14/14
 21391 | Lair:5   | Found a viscous altar of Jiyva.
 21392 | Lair:5   | Found a staircase to the Slime Pits.
 21846 | Lair:6   | Entered Level 6 of the Lair of Beasts
 21881 | Lair:6   | Received a gift from Trog
 21995 | Lair:6   | Reached ****** piety under Trog
 22354 | Lair:6   | Reached skill level 15 in Dodging
 22441 | Lair:6   | Received a gift from Trog
 22754 | Lair:6   | Upgraded the game from 0.30-a0-122-g2a1322497e to
                  | 0.30-a0-134-gb40fab5c76
 23057 | Shoals:1 | Entered Level 1 of the Shoals
 23057 | Shoals:1 | Noticed Kirke
 23057 | Shoals:1 | Found a basalt altar of Yredelemnul.
 23069 | Lair:2   | Killed Kirke
 23367 | Shoals:1 | You are sucked into a shaft and drop 1 floor!
 23445 | Shoals:2 | Received a gift from Trog
 23525 | Shoals:1 | Reached XP level 16. HP: 138/155 MP: 15/15
 23526 | Shoals:1 | Identified Roxanne's Codex of the Figure
 23526 | Shoals:1 | Noticed Roxanne
 23627 | Shoals:1 | Noticed Louise
 23640 | Shoals:1 | Killed from afar by Louise

Illustrated notes

Levels and vault maps discovered:
D:1:      lightli_arrival_maybe_door_vault, layout_rooms,
          dreamdust_ecumenical_altar_angels_and_demons
D:2:      layout_rooms, hangedman_decor_push, dk_noncrumbling_3
D:3:      layout_rooms, lemuel_round_altar
D:4:      minmay_clustersquares, layout_cave_pools, lemuel_tele_altar,
          mainiacjoe_overflow_paths, grunt_decor_arrowhead,
          minmay_misc_feat_five, nzn_random_ring, uniq_crazy_yiuf_cottage,
          uniq_ijyb
D:5:      layout_gridville, nicolae_dithmenos_through_a_glass_darkly,
          nicolae_gozag_seed_capital, uniq_pikel
D:6:      layout_loops_ring, xom_teletrap_fun, mainiacjoe_overflow_swirl,
          lemuel_zombie_altar_yredelemnul, minmay_temple_entry_glassed_door,
          uniq_edmund, uniq_sigmund
D:7:      layout_loops_ring, led_sif_pool, uniq_prince_ribbit1
D:8:      layout_loops_cross, slow_altar_1, gup_ossuary_entry_pyramid
D:9:      layout_cave_pods, due_lair_maze_entry_diamond, evilmike_minifort,
          uniq_maggie
D:10:     layout_long_grid, erik_orc_1, serial_shops, shop, special_room
          [special_room_orc], minivault_16, uniq_erolcha, uniq_josephine
D:11:     layout_loops_ring, minmay_misc_feat_chi, uniq_fannar
D:12:     layout_rooms, nicolae_hexahallways
D:13:     layout_small_grid, wad_hexagon
D:14:     layout_gridville, erik_vaults_2, minmay_misc_feat_cross,
          hellmonk_ghost_happy_afterlife
Lair:1:   layout_long_grid, portal_ice_cave_entry_ice_simulacra,
          chequers_serial_rivers_micro_d, nicolae_lair_lil_pond,
          infiniplex_staircase_pool_2, grunt_megastairs_4, uniq_urug
Lair:2:   layout_regular_city, elwin_shoals_entry_rocks, dummy_snake_entry,
          amcnicky_altar_lugonu_corruption
Lair:3:   layout_cellular_growth, pf_torpor_hydra
Lair:4:   layout_long_grid, beast_lair_carwin_11
Lair:5:   layout_regular_city, slime_entry_1
Lair:6:   minmay_lair_end_enchanted_forest, layout_cave_pods, st_stairs_6
Shoals:1: layout_shoals, lemuel_oklob_altar, uniq_roxanne, uniq_louise,
          uniq_kirke
Shoals:2: dreamdust_from_the_deep, layout_shoals, serial_shops,
          nicolae_lakefront_shop, nicolae_shop_crystal
Orc:1:    layout_caves, mines5_lemuel
Orc:2:    st_orc_town, layout_caves

Skill      XL: |  1  2  3  4  5  6  7  8  9 10 11 12 13 14 15 |
---------------+----------------------------------------------+-----
Fighting       | 4 5 6 8 9 10 11 13 14 15 17 | 17.1
Axes           | 4 5 6 8 9 10 11 13 14 15 17 | 17.1
Armour         | 3 4 6 7 9 10 11 13 14 15 16 | 16.9
Dodging        | 3 4 5 6 8 9 10 12 13 14 15 | 15.6
Evocations     | 2 4 5 6 8 |  8.0

Action                   |  1- 3 |  4- 6 |  7- 9 | 10-12 | 13-15 | 16-18 || total
-------------------------+-------+-------+-------+-------+-------+-------++-------
Melee: Hand axe          |    74 |   114 |   117 |       |       |       ||   305
       Headbutt          |     9 |    12 |    35 |    96 |   145 |     6 ||   303
       Punch             |       |     1 |     1 |       |       |       ||     2
       Executioner's axe |       |       |    97 |   455 |   708 |    25 ||  1285
Throw: Dart              |       |       |       |    37 |    11 |       ||    48
Invok: Berserk           |     1 |     1 |     2 |     4 |     7 |     1 ||    16
       Trog's Hand       |       |       |       |     1 |       |       ||     1
       Brothers in Arms  |       |       |       |       |     1 |       ||     1
Evoke: Wand              |       |       |       |     4 |    13 |       ||    17
  Use: Scroll            |       |    11 |     6 |     2 |    20 |       ||    39
       Potion            |       |       |       |       |       |     1 ||     1
 Stab: Paralysed         |       |       |       |     1 |     6 |       ||     7
       Distracted        |       |       |       |       |     1 |       ||     1
Armor: Plate armour      |    53 |    68 |   129 |   385 |   619 |    34 ||  1288
Dodge: Dodged            |    19 |    58 |   102 |   408 |   671 |    46 ||  1304

Table legend: (Time is in decaauts)
 A = Elapsed time spent in this place.
 B = Non-inter-level travel time spent in this place.
 C = Inter-level travel time spent in this place.
 D = Time resting spent in this place.
 E = Time spent auto-exploring this place.
 F = Levels seen in this place.
 G = Mean time per level.
                   A        B        C        D        E       F      G
               +--------+--------+--------+--------+--------+-----+--------+
         Total |  24091 |  23420 |    671 |   6727 |  12448 |  25 |  963.6 |
       Dungeon |  14244 |  13807 |    437 |   4076 |   7481 |  14 | 1017.4 |
          Lair |   5245 |   5053 |    192 |    345 |   3688 |   6 |  874.2 |
        Shoals |    559 |    559 |      0 |    138 |    184 |   2 |  279.5 |
  Orcish Mines |   3825 |   3784 |     41 |   2167 |    996 |   2 | 1912.5 |
       Ossuary |    217 |    217 |      0 |      0 |     99 |   1 |  217.0 |
               +--------+--------+--------+--------+--------+-----+--------+

Top non-repeatable levels by time:
   Orc:1: 2534 daAuts
    D:10: 1621 daAuts
     D:9: 1558 daAuts
    D:13: 1546 daAuts
     D:8: 1446 daAuts
     D:4: 1359 daAuts
   Orc:2: 1290 daAuts
    D:12: 1179 daAuts
    D:11: 1164 daAuts
  Lair:6: 1162 daAuts
  Lair:3: 909 daAuts
  Lair:2: 865 daAuts
    D:14: 847 daAuts
     D:1: 843 daAuts
  Lair:1: 809 daAuts
